 Dungeon Sprint DCSS version 0.27-a0-1324-ge0d8e047f6 (webtiles) character file.

Game seed: 783047251020660652

1955 rocky1 the Carver (level 9, -4/64 HPs)
             Began as a Formicid Fighter on June 24, 2021.
             Was a Priest of Cheibriados.
             Killed from afar by a manticore (11 damage)
             ... with a volley of spikes
             ... in the Dungeon (Sprint IX: "|||||||||||||||||||||||||||||").
             The game lasted 00:05:41 (660 turns).

rocky1 the Carver (Formicid Fighter)                 Turns: 660, Time: 00:05:42

Health: -4/64      AC: 10    Str: 31    XL:     9   Next: 42%
Magic:  14/16      EV: 19    Int: 17    God:    Cheibriados [***...]
Gold:   0          SH: 14    Dex: 18    Spells: 8/8 levels left

rFire    . . .     SeeInvis +   m - +2 scimitar (holy)
rCold    . . .     Faith    .   c - +0 kite shield
rNeg     . . .     Spirit   .   o - +2 ring mail
rPois    .         Reflect  .   (helmet unavailable)
rElec    .         Harm     .   (no cloak)
rCorr    .         Rampage  .   n - +0 pair of gloves
Will     .....                  (no boots)
Stlth    +.........             (no amulet)
HPRegen  0.20/turn              p - +2 ring of evasion
MPRegen  0.15/turn              q - +2 ring of evasion

@: spiked, very slow
A: permanent stasis, dig shafts and tunnels, antennae 3, four strong arms
a: Dig, Renounce Religion, Bend Time, Temporal Distortion


You were in the Dungeon.
You worshipped Cheibriados.
Cheibriados was most pleased with you.
You visited 1 branch

Inventory:

Hand Weapons
 a - a +0 long sword
 j - a +1 broad axe of freezing
 k - the +2 halberd of Frustration {holy, rN+ Dex+4 Stlth-}
   (You found it in the Dungeon)

   It has been blessed by the Shining One to cause great damage to the undead
   and demons.
   It affects your dexterity (+4).
   It protects you from negative energy.
   It makes you less stealthy.
 l - a +2 vorpal morningstar
 m - a +2 scimitar of holy wrath (weapon)
Armour
 c - a +0 kite shield (worn)
 n - a +0 pair of gloves (worn)
 o - a +2 ring mail (worn)
Jewellery
 p - a +2 ring of evasion (left hand)
 q - a +2 ring of evasion (right hand)
Wands
 i - a wand of acid (10)
Scrolls
 h - 2 scrolls of amnesia
Potions
 e - a potion of curing
 g - 4 potions of magic


   Skills:
 - Level 3.2 Fighting
 + Level 12.0 Long Blades
 + Level 9.3 Armour
 + Level 7.1 Dodging
 - Level 10.5 Shields
 + Level 10.3 Invocations


You had 8 spell levels left.
You didn't know any spells.
Your spell library was empty.

Dungeon Overview and Level Annotations

Branches:
Dungeon (1/1)

Altars:
Cheibriados
Dithmenos
Elyvilon
Fedhas
Gozag
Hepliaklqana
Kikubaaqudgha
Makhleb
Nemelex Xobeh
Okawaru
Qazlal
Ru
Sif Muna
Trog
Uskayaw
Vehumet
Wu Jian
Xom
Yredelemnul
Zin
The Shining One
Beogh
Jiyva
Lugonu


Innate Abilities, Weirdness & Mutations

You cannot be hasted, slowed, berserked, paralysed or teleported.
You can dig through walls and to a lower floor.
You have a pair of large antennae on your head. (SInv)
Your four strong arms can wield two-handed weapons with a shield.


Message History

The flow of time bends around you.
Cheibriados rebukes the cyclops.
The cyclops seems to slow down.
You hit the cyclops.
The cyclops is lightly wounded.
You slash the cyclops!
The cyclops is lightly wounded.
You block the cyclops's attack.
You hit the cyclops.
The cyclops is moderately wounded.
You hit the cyclops.
The cyclops is moderately wounded.
You hit the cyclops.
The cyclops is moderately wounded.
The cyclops hits you!
You hit the cyclops but do no damage.
The cyclops is moderately wounded.
You slash the cyclops!
The cyclops is severely wounded.
You hit the cyclops.
The cyclops is severely wounded.
You hit the cyclops.
The cyclops is almost dead.
The cyclops hits you but does no damage.
You slash the cyclops!
The cyclops is almost dead.
You hit the cyclops.
You kill the cyclops!
The manticore flicks its tail.
The volley of spikes hits you!
The barbed spikes become lodged in your body.
* * * LOW HITPOINT WARNING * * *
Your Long Blades skill increases to level 12!
Your Armour skill increases to level 9!
Your Dodging skill increases to level 7!
Your Invocations skill increases to level 10!
The manticore flicks its tail.
The volley of spikes hits you!
The barbed spikes become lodged in your body.
You die...

▓.▓
▓.▓
▓.▓
▓.▓
▓p▓
▓H▓
▓(▓
▓@▓
▓.▓
▓.▓
▓.▓
▓.▓
▓.▓
▓[▓
▓[▓
▓.▓
{


You could see a manticore and a human shaped shifter.

Vanquished Creatures
  A two-headed ogre (D)
  A cyclops (D)
  A kobold demonologist (D)
  A troll (D)
  A yak (D)
  An acid dragon (D)
  A water moccasin (D)
  A necrophage (D)
  A killer bee (D)
  A hound (D)
  An orc priest (D)
  An adder zombie (D)
  An orc (D)
  2 bat zombies (D)
  A jackal (D)
  2 kobolds (D)
  A quokka (D)
  A rat (D)
20 creatures vanquished.

Notes
Turn   | Place    | Note
-------+----------+-------------------------------------------
     0 | D        | rocky1 the Formicid Fighter began the quest for the Orb.
     0 | D        | Reached XP level 1. HP: 18/18 MP: 1/1
    15 | D        | Reached skill level 3 in Long Blades
    19 | D        | Reached XP level 2. HP: 20/24 MP: 2/2
    65 | D        | Noticed a water moccasin
    65 | D        | Noticed a necrophage
    79 | D        | Killed a necrophage
    80 | D        | Reached skill level 6 in Long Blades
    80 | D        | Reached XP level 3. HP: 25/29 MP: 3/3
    80 | D        | Reached XP level 4. HP: 30/35 MP: 4/4
    84 | D        | Reached skill level 7 in Long Blades
    84 | D        | Reached XP level 5. HP: 29/41 MP: 5/5
    95 | D        | Killed a water moccasin
    96 | D        | Reached skill level 8 in Long Blades
    96 | D        | Reached skill level 10 in Shields
    96 | D        | Reached XP level 6. HP: 23/47 MP: 6/6
   293 | D        | Found a snail-covered altar of Cheibriados.
   293 | D        | Found a shadowy altar of Dithmenos.
   293 | D        | Found a white marble altar of Elyvilon.
   293 | D        | Found a blossoming altar of Fedhas.
   293 | D        | Found an opulent altar of Gozag.
   294 | D        | Found a hazy altar of Hepliaklqana.
   295 | D        | Found a viscous altar of Jiyva.
   296 | D        | Found an ancient bone altar of Kikubaaqudgha.
   297 | D        | Became a worshipper of Cheibriados the Contemplative
   298 | D        | Found a corrupted altar of Lugonu.
   299 | D        | Found a burning altar of Makhleb.
   300 | D        | Found a sparkling altar of Nemelex Xobeh.
   301 | D        | Found an iron altar of Okawaru.
   302 | D        | Found a stormy altar of Qazlal.
   303 | D        | Found a sacrificial altar of Ru.
   304 | D        | Found a shimmering blue altar of Sif Muna.
   305 | D        | Found a bloodstained altar of Trog.
   306 | D        | Found a hide-covered altar of Uskayaw.
   307 | D        | Found a radiant altar of Vehumet.
   308 | D        | Found an ornate altar of the Wu Jian Council.
   309 | D        | Found a shimmering altar of Xom.
   310 | D        | Found a basalt altar of Yredelemnul.
   311 | D        | Found a glowing silver altar of Zin.
   312 | D        | Found a glowing golden altar of the Shining One.
   328 | D        | Got the +2 halberd of Frustration {holy, rN+ Dex+4 Stlth-}
   357 | D        | Noticed a troll
   357 | D        | Noticed a yak
   362 | D        | Reached * piety under Cheibriados
   363 | D        | Reached skill level 9 in Long Blades
   379 | D        | Killed a yak
   380 | D        | Reached skill level 5 in Invocations
   380 | D        | Reached XP level 7. HP: 43/52 MP: 7/11
   390 | D        | Killed a troll
   391 | D        | Reached skill level 10 in Long Blades
   391 | D        | Reached ** piety under Cheibriados
   607 | D        | Noticed a salamander
   607 | D        | Noticed a manticore
   607 | D        | Noticed a cyclops
   607 | D        | Noticed a kobold demonologist
   607 | D        | Noticed an acid dragon
   607 | D        | Noticed a two-headed ogre
   610 | D        | Noticed a chaos spawn
   616 | D        | Noticed a yak
   616 | D        | a salamander changed into a yak
   617 | D        | Noticed a black mamba
   617 | D        | a yak changed into a black mamba
   621 | D        | Killed a two-headed ogre
   622 | D        | Reached skill level 11 in Long Blades
   622 | D        | Reached XP level 8. HP: 17/58 MP: 12/14
   622 | D        | Noticed an orange demon
   624 | D        | Noticed a polar bear
   624 | D        | a black mamba changed into a polar bear
   625 | D        | a polar bear changed into a golden eye
   629 | D        | Reached *** piety under Cheibriados
   630 | D        | Reached XP level 9. HP: 10/64 MP: 12/16
   632 | D        | Noticed an orange demon
   647 | D        | Killed a kobold demonologist
   659 | D        | Killed a cyclops
   660 | D        | Reached skill level 12 in Long Blades
   660 | D        | Reached skill level 10 in Invocations
   660 | D        | Killed from afar by a manticore

Illustrated notes

Levels and vault maps discovered:
D:        linesprint [early_d, line_temple, items_1, d_10, items_2, lair_1,
          lair_end, items_3, orc_1, orc_end, items_4, d_15, swamp_1, shoals_1,
          snake_1, spider_1, d_20, vaults_1, items_5, swamp_end, shoals_end,
          snake_end, spider_end, vaults_end, d_27, items_6, zot_1, zot_end,
          crypt_end, forest_end, elf_end, slime_end, tomb_end, abyss_end,
          pan_hell_end]

Skill      XL: |  1  2  3  4  5  6  7  8  9 |
---------------+----------------------------+-----
Shields        | 4 8 10 | 10.5
Long Blades    | 3 6 7 8 9 11 12 | 12.0
Invocations    | 5 9 10 | 10.3
Armour         | 4 8 9 |  9.3
Dodging        | 2 6 7 |  7.1
Fighting       | |  3.2

Action                   |  1- 3 |  4- 6 |  7- 9 || total
-------------------------+-------+-------+-------++-------
Melee: Long sword        |    29 |    37 |       ||    66
       Scimitar          |       |       |    54 ||    54
Invok: Bend Time         |       |       |     1 ||     1
  Use: Potion            |       |     3 |     6 ||     9
 Stab: Invisible         |       |     5 |     3 ||     8
Armor: Scale mail        |    12 |     2 |       ||    14
       Ring mail         |       |     1 |     6 ||     7
Dodge: Dodged            |    13 |    16 |    28 ||    57
Block: Kite shield       |    10 |    20 |    36 ||    66
       Rpst.: Long sword |     5 |     2 |       ||     7
       Scimitar          |       |       |     4 ||     4

Table legend: (Time is in decaauts)
 A = Elapsed time spent in this place.
 B = Non-inter-level travel time spent in this place.
 C = Inter-level travel time spent in this place.
 D = Time resting spent in this place.
 E = Time spent auto-exploring this place.
 F = Levels seen in this place.
 G = Mean time per level.
                   A        B        C        D        E       F      G
               +--------+--------+--------+--------+--------+-----+--------+
         Total |    674 |    674 |      0 |    436 |      0 |   1 |  674.0 |
       Dungeon |    674 |    674 |      0 |    436 |      0 |   1 |  674.0 |
               +--------+--------+--------+--------+--------+-----+--------+

Top non-repeatable levels by time:
       D: 674 daAuts
